 Dungeon Crawl Stone Soup version 0.29-a0-632-g781b4ac09e (webtiles) character file.

Game seed: 10761836270996882397

872 Glafi the Chopper (level 7, 0/64 HPs)
             Began as a Minotaur Fighter on June 19, 2022.
             Succumbed to a killer bee's poison
             ... on level 5 of the Dungeon.
             The game lasted 00:27:05 (4146 turns).

Glafi the Chopper (Minotaur Fighter)                Turns: 4146, Time: 00:27:06

Health: 0/64       AC:  8    Str: 22    XL:     7   Next: 74%
Magic:  2/6        EV: 10    Int:  5    God:
Gold:   259        SH:  4    Dex: 10    Spells: 6/6 levels left

rFire   . . .      SeeInvis .   a - +0 war axe
rCold   . . .      Faith    .   c - +0 buckler
rNeg    . . .      Spirit   +   b - +0 scale mail
rPois   .          Reflect  .   (helmet restricted)
rElec   .          Harm     .   g - +0 cloak
rCorr   .          Rampage  .   (no gloves)
Will    .....                   (no boots)
Stlth   ..........              f - amulet of guardian spirit
HPRegen 0.20/turn               (no ring)
MPRegen 0.10/turn               (no ring)

@: lethally poisoned (0 -> -5)
A: horns 2, retaliatory headbutt
a: no special abilities


You were on level 5 of the Dungeon.
You visited 1 branch of the dungeon, and saw 5 of its levels.

You collected 259 gold pieces.

Inventory:

Hand Weapons
 a - a +0 war axe (weapon)
 q - a +1 trident of protection
 s - a +0 arbalest
 u - a +2 trident of flaming
Armour
 b - a +0 scale mail (worn)
 c - a +0 buckler (worn)
 g - a +0 cloak (worn)
Jewellery
 f - an amulet of guardian spirit (around neck)
 w - a ring of fire
Scrolls
 e - 5 scrolls of identify {unknown}
 i - a scroll of fear {unknown}
 n - a scroll of magic mapping {unknown}
 p - a scroll of enchant armour {unknown}
 r - a scroll of brand weapon {unknown}
 x - a scroll of teleportation {unknown}
 y - a scroll of torment {unknown}
 z - a scroll of enchant weapon {unknown}
Potions
 d - 2 potions of might
 h - a potion of mutation {unknown}
 j - 2 potions of flight {unknown}
 k - 2 potions of curing {unknown}
 l - 2 potions of ambrosia {unknown}
 m - a potion of heal wounds {unknown}
 o - 2 potions of invisibility {unknown}
 t - a potion of lignification {unknown}
 v - a potion of brilliance {unknown}


   Skills:
 * Level 6.6 Fighting
 + Level 7.3 Axes
 + Level 5.5 Armour
 + Level 1.5 Dodging
 + Level 0.8 Stealth
 + Level 4.3 Shields


You had 6 spell levels left.
You didn't know any spells.
Your spell library contained the following spells:

 Spells                   Type           Power      Damage    Failure   Level
 Call Canine Familiar     Summ           0%         N/A       99%         3
 Portal Projectile        Hex/Tloc       0%         N/A       99%         3
 Leda's Liquefaction      Hex/Erth       0%         N/A       100%        4


Dungeon Overview and Level Annotations

Branches:
Dungeon (5/15)
 Temple: D:4-7

Altars:
Vehumet


Innate Abilities, Weirdness & Mutations

You have a pair of horns on your head.
You reflexively headbutt those who attack you in melee.


Message History

You miss the killer bee. Your headbutt misses the killer bee.
You feel sick.
The killer bee stings you but does no damage.
You block the killer bee's attack.
You closely miss the killer bee. Your headbutt misses the killer bee.
You feel sick. The killer bee stings you.
* * * LOW HITPOINT WARNING * * *
You are more poisoned.
The killer bee poisons you! The killer bee closely misses you.
You furiously retaliate!
You headbutt the killer bee.
The killer bee stings you but does no damage.
You barely miss the killer bee. Your headbutt misses the killer bee.
The killer bee is lightly wounded.
You feel very sick.
The killer bee stings you but does no damage.
You block the killer bee's attack.
You hit the killer bee.
The killer bee is heavily wounded.
You feel sick. You block the killer bee's attack.
The killer bee stings you but does no damage.
You miss the killer bee. Your headbutt misses the killer bee.
The killer bee is heavily wounded.
You feel sick. The killer bee stings you!
* * * LOW HITPOINT WARNING * * *
You block the killer bee's attack. The killer bee stings you.
* * * LOW HITPOINT WARNING * * *
You are lethally poisoned!
The killer bee poisons you!
You slash the killer bee!
You kill the killer bee!
* * * LOW HITPOINT WARNING * * *
You feel very sick. The killer bee completely misses you.
You slash the killer bee!
You kill the killer bee!
* * * LOW HITPOINT WARNING * * *
You feel sick. The killer bee barely misses you.
The killer bee stings you but does no damage.
You hit the killer bee but do no damage.
Your headbutt misses the killer bee.
You die...

###### .....
#...# #...#
#...# #
#...#.####
#.........
####.........
#.@yy........
#.##h........
#.##........y
#.###########
#.# #.# #.#
#.# #.#


You could see 2 killer bees and a jackal.

Vanquished Creatures
  Sigmund (D:2)
  A black bear (D:4)
  A phantom (D:4)
  4 killer bees (D:5)
  A howler monkey (D:4)
  An orc priest (D:4)
  An iguana (D:4)
  Jessica (D:2)
  Natasha (D:3)
  An orc wizard (D:3)
  Robin (D:3)
  4 adders
  3 worms
  2 dart slugs
  22 orcs
  2 bats
  12 endoplasms
  A giant cockroach (D:4)
  12 hobgoblins
  3 jackals
  3 quokkas
  7 ball pythons
  3 frilled lizards
  25 goblins
  4 kobolds
  5 rats
122 creatures vanquished.

Notes
Turn   | Place    | Note
-------+----------+-------------------------------------------
     0 | D:1      | Glafi the Minotaur Fighter began the quest for the Orb.
     0 | D:1      | Reached XP level 1. HP: 19/19 MP: 0/0
   215 | D:1      | Reached XP level 2. HP: 27/27 MP: 1/1
   925 | D:2      | Reached skill level 3 in Axes
  1019 | D:2      | Noticed Jessica
  1031 | D:2      | Killed Jessica
  1032 | D:2      | Reached XP level 3. HP: 26/34 MP: 2/2
  1150 | D:2      | Noticed Sigmund
  1167 | D:2      | Killed Sigmund
  1168 | D:2      | Reached skill level 5 in Fighting
  1168 | D:2      | Reached skill level 4 in Axes
  1168 | D:2      | Reached XP level 4. HP: 38/42 MP: 3/3
  1168 | D:2      | Reached XP level 5. HP: 44/48 MP: 4/4
  1472 | D:2      | Reached skill level 5 in Axes
  1714 | D:3      | Found a faded altar of an unknown god.
  1770 | D:3      | Reached XP level 6. HP: 14/56 MP: 5/5
  2274 | D:3      | Found a radiant altar of Vehumet.
  2351 | D:3      | Noticed Robin
  2373 | D:3      | Killed Robin
  3049 | D:4      | Noticed Natasha
  3072 | D:3      | Killed Natasha
  3197 | D:4      | Reached skill level 1 in Dodging
  3204 | D:4      | Reached skill level 6 in Axes
  3332 | D:4      | Reached skill level 5 in Armour
  3432 | D:4      | Reached XP level 7. HP: 56/63 MP: 4/6
  4103 | D:5      | Entered Level 5 of the Dungeon
  4139 | D:5      | Reached skill level 7 in Axes
  4144 | D:5      | HP: 2/64 [poisoned by a killer bee]
  4146 | D:5      | Succumbed to a killer bee's poison

Illustrated notes

Levels and vault maps discovered:
D:1:      tarquinn_simple_flora_water_f, layout_basic
D:2:      kennysheep_the_goblin_king, layout_rooms, uniq_jessica, uniq_sigmund
D:3:      layout_basic, nicolae_vehumet_radiance,
          chequers_ecumenical_altar_simple, kennysheep_small_spiral, uniq_robin
D:4:      layout_basic, minmay_tree_intersection, uniq_natasha
D:5:      layout_basic, nicolae_gozag_seed_capital,
          grunt_temple_overflow_forces_of_nature

Skill      XL: |  1  2  3  4  5  6  7 |
---------------+----------------------+-----
Fighting       | 4 5 6 |  6.6
Axes           | 3 4 5 6 7 |  7.3
Armour         | 4 5 |  5.5
Shields        | 4 |  4.3
Dodging        | 1 |  1.5
Stealth        | |  0.8

Action                   |  1- 3 |  4- 6 |  7- 9 || total
-------------------------+-------+-------+-------++-------
Melee: War axe           |    47 |   150 |    57 ||   254
       Headbutt          |     6 |    16 |     6 ||    28
Armor: Scale mail        |    16 |    53 |    24 ||    93
Dodge: Dodged            |    21 |    53 |    23 ||    97
Block: Buckler           |     8 |    22 |    11 ||    41

Table legend: (Time is in decaauts)
 A = Elapsed time spent in this place.
 B = Non-inter-level travel time spent in this place.
 C = Inter-level travel time spent in this place.
 D = Time resting spent in this place.
 E = Time spent auto-exploring this place.
 F = Levels seen in this place.
 G = Mean time per level.
                   A        B        C        D        E       F      G
               +--------+--------+--------+--------+--------+-----+--------+
         Total |   4220 |   4157 |     63 |    582 |   2716 |   5 |  844.0 |
       Dungeon |   4220 |   4157 |     63 |    582 |   2716 |   5 |  844.0 |
               +--------+--------+--------+--------+--------+-----+--------+

Top non-repeatable levels by time:
     D:3: 1427 daAuts
     D:4: 1089 daAuts
     D:1: 907 daAuts
     D:2: 750 daAuts
     D:5: 46 daAuts
